 Dungeon Crawl Stone Soup version 0.21-a0-110-g8e1637b (webtiles) character file.

44 tilp the Firebug (level 3, -2/26 HPs)
             Began as a Hill Orc Fire Elementalist on July 9, 2017.
             Slain by a gnoll
             ... wielding a +0 flail
              (5 damage)
             ... on level 1 of the Dungeon.
             The game lasted 00:05:57 (1385 turns).

tilp the Firebug (Hill Orc Fire Elementalist)       Turns: 1385, Time: 00:05:57

Health: -2/26      AC:  2    Str: 10    XL:     3   Next: 60%
Magic:  1/7        EV: 12    Int: 16    God:
Gold:   39         SH:  0    Dex: 11    Spells: 1/7 levels left

rFire    . . .     SeeInvis .   g - +0 short sword (speed)
rCold    . . .     Gourm    .   (no shield)
rNeg     . . .     Faith    .   a - +0 robe
rPois    .         Spirit   .   (no helmet)
rElec    .         Reflect  .   (no cloak)
rCorr    .         Harm     .   (no gloves)
MR       .....                  (no boots)
Stlth    ++........             (no amulet)
HPRegen  0.08/turn              (no ring)
MPRegen  0.10/turn              (no ring)

@: very slightly contaminated
A: no striking features
a: no special abilities


You were on level 1 of the Dungeon.
You were not hungry.

You visited 1 branch of the dungeon, and saw 2 of its levels.

You collected 39 gold pieces.

Inventory:

Hand Weapons
 g - a +0 short sword of speed (weapon)
Armour
 a - a +0 robe (worn)
Scrolls
 e - 2 scrolls of identify {unknown}
 f - a scroll of enchant armour {unknown}
 h - 2 scrolls of teleportation {unknown}
Books
 b - a book of Flames

   Spells                             Type                      Level
   a - Flame Tongue                   Conjuration/Fire             1
   b - Throw Flame                    Conjuration/Fire             2
   c - Conjure Flame                  Conjuration/Fire             3
   d - Inner Flame                    Hexes/Fire                   3
   e - Sticky Flame                   Conjuration/Fire             4
   f - Fireball                       Conjuration/Fire             5
Comestibles
 c - 3 bread rations
 d - a chunk of flesh


   Skills:
 - Level 1.5 Dodging
 - Level 1.5 Stealth
 - Level 2.8 Spellcasting
 + Level 1.4 Conjurations
 - Level 3.2 Fire Magic


You had one spell level left.
You knew the following spells:

 Your Spells              Type           Power        Failure   Level  Hunger
a - Flame Tongue          Conj/Fire      #....        8%          1    #......
b - Throw Flame           Conj/Fire      #.....       11%         2    ##.....
c - Conjure Flame         Conj/Fire      #.......     22%         3    ###....


Dungeon Overview and Level Annotations

Branches:
Dungeon (2/15)

Altars:


Message History

The gnoll hits you with a flail.
* * * LOW HITPOINT WARNING * * *
You aren't carrying any potions.
Casting: Flame Tongue
Confirm with . or Enter, or press ? or * to list all spells.
Aiming: Flame Tongue
Press: ? - help, Shift-Dir - straight line, f/p - gnoll
Aim: a gnoll, wielding a flail (moderately wounded)
The flame tongue hits the gnoll.
The gnoll is almost dead.
The gnoll closely misses you.
Casting: Flame Tongue
Confirm with . or Enter, or press ? or * to list all spells.
Aiming: Flame Tongue
Press: ? - help, Shift-Dir - straight line, f/p - gnoll
Aim: a gnoll, wielding a flail (almost dead)
You miscast Flame Tongue.
You are very lightly contaminated with residual magic.
Strange energies run through your body. The gnoll hits you with a flail.
You die...

.......###.#
##≈≈≈≈≈≈≈≈≈≈###
...........###≈≈≈≈≈≈≈≈...#
.#########.##≈≈≈≈........#
...........##≈≈≈.........#
..########.#≈≈≈#.........#
..## #.#≈≈##.........#
...# #.#≈# #........(#
...#######.## #†g.......#
♣PP.P......# #@.......<#
..♣P.P.....# ###########
...♣.......# ...♣..P....#
..(.♣......# ...♣.♣PP...#
....P.♣P...# ...........#
...........#


You could see a gnoll.

Vanquished Creatures
  An adder (D:1)
  An ooze (D:1)
  A dart slug (D:1)
  A ball python (D:1)
  6 bats (D:1)
  A goblin (D:1)
  A hobgoblin (D:1)
  6 jackals (D:1)
  4 frilled lizards (D:1)
  4 kobolds (D:1)
  3 rats (D:1)
  A plant (D:1)
30 creatures vanquished.

Notes
Turn   | Place    | Note
-------+----------+-------------------------------------------
     0 | D:1      | tilp the Hill Orc Fire Elementalist began the quest for the Orb.
     0 | D:1      | Reached XP level 1. HP: 14/14 MP: 3/3
   275 | D:1      | Reached XP level 2. HP: 20/20 MP: 3/5
   924 | D:1      | Reached XP level 3. HP: 26/26 MP: 3/6
   928 | D:1      | Learned a level 2 spell: Throw Flame
   932 | D:1      | Learned a level 3 spell: Conjure Flame
  1385 | D:1      | Slain by a gnoll

Vault maps used:
D:1:      lemuel_arrival_river_ford, serial_forest,
          infiniplex_forest_clump_diagonal, infiniplex_forest_corner_2,
          infiniplex_forest_3_way, infiniplex_forest_fountain
D:2:      grunt_ministairs_13

Skill      XL: |  1 |
---------------+----+-----
Spellcasting   | 2 |  2.8
Dodging        | |  1.5
Stealth        | |  1.5
Conjurations   | |  1.4
Fire Magic     | |  3.2

Action                   || total
-------------------------++-------
Melee: Dagger            ||     1
       Unarmed           ||     1
       Short sword       ||   115
 Cast: Flame Tongue      ||    37
 Stab: Sleeping          ||     1
  Eat: Chunk             ||     2
Armor: Robe              ||    22
Dodge: Dodged            ||    74
